 Dungeon Crawl Stone Soup version 0.29-a0-892-g2c4c91d9db (webtiles) character file.

Game seed: 4413392656012694516

14507 nucleargodhead the Warrior (level 11, -1/115 HPs)
             Began as a Minotaur Berserker on July 23, 2022.
             Was an Elder of Trog.
             Slain by a killer bee (3 damage)
             ... on level 3 of the Lair of Beasts.
             The game lasted 00:19:16 (11454 turns).

nucleargodhead the Warrior (Minotaur Berserker)    Turns: 11454, Time: 00:19:18

Health: -1/115     AC: 15    Str: 25    XL:     11   Next: 89%
Magic:  10/10      EV:  7    Int:  4    God:    Trog [****..]
Gold:   530        SH:  5    Dex: 11    Spells: 10/10 levels left

rFire   . . .      SeeInvis .   d - +5 executioner's axe (freeze)
rCold   . . .      Faith    .   (shield currently unavailable)
rNeg    . . .      Spirit   .   F - +0 plate armour
rPois   .          Reflect  +   (helmet restricted)
rElec   .          Harm     .   C - +0 cloak
rCorr   .          Rampage  .   I - +0 pair of gloves
Will    ++...                   N - +1 pair of boots
Stlth   ..........              c - amulet of reflection
HPRegen 1.29/turn               s - ring of flight
MPRegen 0.12/turn               (no ring)

@: lethally poisoned (-1 -> -1), strong-willed, on berserk cooldown, flying,
regenerating
A: horns 2, retaliatory headbutt
a: Renounce Religion, Berserk, Trog's Hand, Brothers in Arms


You were on level 3 of the Lair of Beasts.
You worshipped Trog.
Trog was greatly pleased with you.
You visited 2 branches of the dungeon, and saw 11 of its levels.
You also visited: Ossuary.

You collected 608 gold pieces.
You spent 78 gold pieces at shops.

Inventory:

Hand Weapons
 a - a +0 hand axe
 d - a +5 executioner's axe of freezing (weapon)
 B - a +2 quarterstaff of chaos
 D - a +1 hammer of protection
Armour
 h - a +0 chain mail
 C - a +0 cloak (worn)
 F - a +0 plate armour (worn)
 I - a +0 pair of gloves (worn)
 N - a +1 pair of boots (worn)
Jewellery
 c - an amulet of reflection (around neck)
 s - a ring of flight (left hand)
 y - a ring of ice
 L - an amulet of regeneration
Wands
 q - a wand of roots (21)
 A - a wand of quicksilver (6)
Scrolls
 i - 2 scrolls of fear
 j - 3 scrolls of magic mapping
 k - 7 scrolls of teleportation
 l - 4 scrolls of vulnerability
 o - 3 scrolls of butterflies
 p - a scroll of summoning
 v - a scroll of torment {unknown}
 w - a scroll of immolation {unknown}
 E - a scroll of silence {unknown}
 J - 2 scrolls of enchant armour {unknown}
 K - a scroll of poison {unknown}
 M - a scroll of amnesia {unknown}
Potions
 b - 4 potions of haste {unknown}
 e - 3 potions of lignification
 f - 2 potions of ambrosia
 g - 11 potions of curing
 m - 5 potions of heal wounds {unknown}
 r - 2 potions of brilliance {unknown}
 t - a potion of berserk rage {unknown}
 u - 2 potions of flight
 x - 4 potions of might
 z - a potion of degeneration {unknown}
 G - 4 potions of attraction {unknown}
 H - a potion of cancellation {unknown}


   Skills:
 + Level 16.4 Fighting
 + Level 16.4 Axes
 - Level 2.4 Armour
 - Level 2.1 Dodging


You had 10 spell levels left.
You didn't know any spells.
Your spell library was empty.

Dungeon Overview and Level Annotations

Branches:
Dungeon (8/15)             Temple (0/1) D:7            Lair (3/5) D:8
Ossuary (visited)
  Swamp: Lair:2-3    Shoals: Lair:2-3     Snake: Lair:2-3    Spider: Lair:2-3

Altars:
Fedhas
Makhleb
Ru
Sif Muna
Trog
Uskayaw
Vehumet
Wu Jian

Shops:
D:1 ?   D:6 ?


Innate Abilities, Weirdness & Mutations

You have a pair of horns on your head.
You reflexively headbutt those who attack you in melee.


Message History

You feel sick.
You hear an angry buzzing noise.
You feel sick.
You hear an angry buzzing noise.
The killer bee rages.
The killer bee attacks as you move away!
You block the killer bee's attack.
You feel sick.
The killer bee stings you but does no damage.
The killer bee stings you.
* * * LOW HITPOINT WARNING * * *
You block the killer bee's attack.
The killer bee attacks as you move away!
The killer bee barely misses you.
You feel sick.
The killer bee rages.
The killer bee stings you but does no damage.
The killer bee rages.
The killer bee stings you but does no damage.
The killer bee barely misses you. You furiously retaliate!
You headbutt the killer bee! You block the killer bee's attack.
The killer bee closely misses you.
You hear a roar!
There is a stone staircase leading up here.
You can't see any enemies this would affect, really read the scroll of fear?
Okay, then.
Unknown command.
Unknown command.
Okay, then.
Unknown command.
Unknown command.
Unknown command.
Okay, then.
Unknown command.
Your skin crawls.
You feel strong-willed.
You feel sick.
You hear a roar!
The killer bee stings you.
* * * LOW HITPOINT WARNING * * *
The killer bee stings you.
You die...

#.# #.. ##. . ####♣
+ #...♣ #...♣ ###
#..y♣♣♣
##.######.yy@.♣
#####....#.#...y.♣♣
..yyy§......'.....♣
.#y#.#####.#.....♣♣
###### ####...♣♣ #
#....♣ .###... ##
#..# #.#


You could see 4 killer bees.

Vanquished Creatures
  Fannar (Lair:1)
  2 two-headed ogres
  3 death yaks
  2 lindwurms (Lair:1)
  4 black mambas (Lair:1)
  3 cane toads
  3 komodo dragons
  A rime drake (Lair:2)
  Grinder (D:5)
  3 blink frogs (Lair:2)
  6 yaks (Lair:2)
  A wyvern (Lair:1)
  The ghost of porpoise the Poker, an amateur DsGl (D:5)
  Edmund (D:5)
  8 water moccasins
  An ice beast (D:5)
  A black bear (D:5)
  An orc warrior (D:6)
  5 ogres
  A centaur (D:7)
  4 phantoms
  7 bullfrogs
  3 scorpions (D:4)
  5 necrophages
  A gnoll sergeant (D:7)
  4 water moccasin zombies (Ossuary)
  A water moccasin skeleton (D:5)
  3 wights (D:7)
  23 killer bees
  A howler monkey (D:7)
  2 hounds
  2 jellies
  2 orc priests
  Crazy Yiuf (D:5)
  2 centaur skeletons (D:5)
  Terence (D:3)
  5 iguanas
  Ijyb (D:3)
  3 mummies
  Robin (D:3)
  4 gnolls
  3 adders
  A shadow imp (D:5)
  3 white imps
  An ufetubus (D:5)
  3 adder zombies (Ossuary)
  2 worms
  2 dart slugs
  9 orcs
  5 ball pythons
  5 endoplasms
  A giant cockroach (D:3)
  12 goblins
  8 hobgoblins
  5 kobolds
  5 quokkas
  5 bats
  13 frilled lizards
  5 gnoll zombies (Ossuary)
  7 hobgoblin zombies
  2 kobold zombies (Ossuary)
  8 orc zombies
  4 rats
234 creatures vanquished.

Vanquished Creatures (others)
  7 fungi
  19 plants
26 creatures vanquished.

Grand Total: 260 creatures vanquished

Notes
Turn   | Place    | Note
-------+----------+-------------------------------------------
     0 | D:1      | nucleargodhead the Minotaur Berserker began the quest for
                  | the Orb.
     0 | D:1      | Reached XP level 1. HP: 19/19 MP: 0/0
     6 | D:1      | Found Liwueh's Magic Scroll Emporium.
   268 | D:1      | Reached XP level 2. HP: 27/27 MP: 1/1
   816 | D:1      | Reached XP level 3. HP: 32/34 MP: 2/2
  1067 | D:2      | Reached ** piety under Trog
  1386 | D:3      | Noticed Robin
  1402 | D:3      | Killed Robin
  1455 | D:3      | Reached XP level 4. HP: 41/41 MP: 3/3
  1486 | D:3      | Found a faded altar of an unknown god.
  1552 | D:3      | Noticed Terence
  1556 | D:3      | Killed Terence
  1557 | D:3      | Reached skill level 5 in Fighting
  1557 | D:3      | Reached skill level 5 in Axes
  1993 | D:3      | Noticed Ijyb
  2005 | D:3      | Killed Ijyb
  2072 | D:4      | Reached XP level 5. HP: 46/48 MP: 4/4
  2693 | D:4      | Reached XP level 6. HP: 57/57 MP: 5/5
  3081 | D:5      | Entered Level 5 of the Dungeon
  3081 | D:5      | Noticed Grinder
  3098 | D:5      | Killed Grinder
  3099 | D:5      | Reached XP level 7. HP: 66/66 MP: 6/6
  3136 | D:5      | Noticed porpoise's ghost (amateur DsGl)
  3137 | D:5      | Found a transporter.
  3159 | D:5      | Reached *** piety under Trog
  3247 | D:5      | Found a sand-covered staircase.
  3254 | Ossuary  | Entered an ossuary
  3752 | D:5      | Reached XP level 8. HP: 39/77 MP: 7/7
  3938 | D:5      | Found a runed translucent door.
  3939 | D:5      | Noticed Crazy Yiuf
  4009 | D:5      | Noticed Edmund
  4022 | D:5      | Killed Edmund
  4195 | D:5      | Found an ornate altar of the Wu Jian Council.
  4308 | D:5      | Reached skill level 10 in Fighting
  4310 | D:5      | Reached skill level 10 in Axes
  4547 | D:5      | Found a transporter.
  4625 | D:5      | Found a blossoming altar of Fedhas.
  4901 | D:5      | Killed Crazy Yiuf
  5001 | D:5      | Killed porpoise's ghost
  5086 | D:6      | Reached XP level 9. HP: 86/86 MP: 8/8
  5540 | D:6      | Found Raumin's Magic Scroll Emporium.
  5545 | D:6      | Bought a scroll of identify for 26 gold pieces
  5545 | D:6      | Bought a scroll of identify for 26 gold pieces
  5545 | D:6      | Bought a scroll of identify for 26 gold pieces
  5546 | D:6      | Identified a scroll of acquirement
  5547 | D:6      | Acquired a +2 executioner's axe of freezing
  5601 | D:6      | Noticed a two-headed ogre
  5607 | D:6      | Killed a two-headed ogre
  6188 | D:7      | Found a staircase to the Ecumenical Temple.
  6255 | D:7      | Found a radiant altar of Vehumet.
  6538 | D:7      | Reached **** piety under Trog
  6543 | D:7      | Reached XP level 10. HP: 99/100 MP: 9/9
  6723 | D:7      | Found a bloodstained altar of Trog.
  6723 | D:7      | Found a sacrificial altar of Ru.
  6794 | D:7      | Found a shimmering blue altar of Sif Muna.
  6933 | D:7      | Found a burning altar of Makhleb.
  7105 | D:8      | Found a hide-covered altar of Uskayaw.
  7283 | D:8      | Noticed a two-headed ogre
  7295 | D:8      | Killed a two-headed ogre
  7503 | D:8      | Found a staircase to the Lair.
  7504 | D:8      | Noticed a death yak
  7505 | D:8      | Noticed a death yak
  7506 | D:8      | Noticed a death yak
  7532 | D:7      | Killed a death yak
  7737 | D:8      | Killed a death yak
  7738 | D:8      | Killed a death yak
  8130 | Lair:1   | Entered Level 1 of the Lair of Beasts
  8250 | Lair:1   | Noticed a black mamba
  8374 | Lair:1   | Noticed a cane toad
  8378 | Lair:1   | Killed a cane toad
  8586 | Lair:1   | Noticed a black mamba
  8593 | Lair:1   | Killed a black mamba
  8594 | Lair:1   | Reached XP level 11. HP: 111/111 MP: 10/10
  8758 | Lair:1   | Noticed Fannar
  8770 | Lair:1   | Killed Fannar
  8839 | Lair:1   | Reached skill level 15 in Fighting
  8839 | Lair:1   | Reached skill level 15 in Axes
  8930 | Lair:1   | Identified the +0 scale mail of the Catfish {rF+}
  9416 | Lair:1   | Noticed a lindwurm
  9423 | Lair:1   | Killed a lindwurm
  9441 | Lair:1   | Noticed a lindwurm
  9516 | Lair:1   | Killed a lindwurm
 11254 | Lair:3   | Noticed a six-headed hydra
 11454 | Lair:3   | HP: 2/115 [killer bee (4)]
 11454 | Lair:3   | Slain by a killer bee

Illustrated notes

Levels and vault maps discovered:
D:1:      spicycebolla_green_bress_n_ham, layout_loops_ring, serial_shops,
          shop_scrolls, minmay_lizard_pond
D:2:      layout_rooms
D:3:      layout_loops_ring, hellmonk_ecumenical_altar_inner_sanctum,
          grunt_ministairs_11, grunt_decor_fettered, uniq_terence, uniq_robin,
          uniq_ijyb
D:4:      layout_loops_ring
D:5:      layout_rooms, nicolae_wu_jian_immortal_techniques,
          fedhas_altar_decomposition, nicolae_ossuary_entry_giza,
          gammafunk_ghost_mausoleum, kennysheep_generic_room_16, uniq_edmund,
          uniq_crazy_yiuf_cottage, uniq_grinder
D:6:      layout_loops_ring, serial_shops, nicolae_shop_hallway_plus
D:7:      layout_loops_ring, nicolae_overflow_crystal_walls,
          mainiacjoe_overflow_concentric_impassable,
          mainiacjoe_overflow_alcove_4, gammafunk_temple_overflow_elements,
          minmay_temple_entry_waves, kennysheep_generic_room_10
D:8:      layout_loops_cross, lemuel_crystal_altar, dpeg_lair_monsters
Lair:1:   layout_regular_city, nicolae_lair_lindhole, uniq_fannar
Lair:2:   layout_regular_city
Lair:3:   layout_roguey [special_room_bee], palyth_hydra_swamp_entry,
          minmay_snake_entry_guardpost_small, nicolae_quartered_pool_super,
          lemuel_fruit_tree

Skill      XL: |  1  2  3  4  5  6  7  8  9 10 11 |
---------------+----------------------------------+-----
Fighting       | 4 5 6 7 8 10 12 14 16 | 16.4
Axes           | 4 5 6 7 8 10 12 14 16 | 16.4
Armour         | |  2.4
Dodging        | |  2.1

Action                   |  1- 3 |  4- 6 |  7- 9 | 10-12 || total
-------------------------+-------+-------+-------+-------++-------
Melee: Hand axe          |    85 |   108 |   234 |       ||   427
       Headbutt          |     7 |    13 |    54 |    21 ||    95
       Punch             |     2 |     3 |     4 |       ||     9
       Executioner's axe |       |       |    57 |   135 ||   192
Invok: Berserk           |     1 |     3 |     8 |     7 ||    19
       Trog's Hand       |     1 |     1 |     4 |     2 ||     8
Evoke: Wand              |       |       |       |     2 ||     2
  Use: Scroll            |       |       |    14 |     5 ||    19
       Potion            |       |       |       |     2 ||     2
 Stab: Sleeping          |     1 |       |       |       ||     1
Armor: Animal skin       |     9 |       |       |       ||     9
       Chain mail        |    18 |    38 |   105 |       ||   161
       Ring mail         |     2 |       |       |       ||     2
       Plate armour      |       |       |    38 |   118 ||   156
Dodge: Dodged            |    58 |    32 |    93 |    71 ||   254
Block: Other             |       |       |     7 |    42 ||    49
       Reflection        |       |       |       |     1 ||     1

Table legend: (Time is in decaauts)
 A = Elapsed time spent in this place.
 B = Non-inter-level travel time spent in this place.
 C = Inter-level travel time spent in this place.
 D = Time resting spent in this place.
 E = Time spent auto-exploring this place.
 F = Levels seen in this place.
 G = Mean time per level.
                   A        B        C        D        E       F      G
               +--------+--------+--------+--------+--------+-----+--------+
         Total |  11644 |  11346 |    298 |   2413 |   7325 |  12 |  970.3 |
       Dungeon |   7913 |   7715 |    198 |   1309 |   5299 |   8 |  989.1 |
          Lair |   3367 |   3267 |    100 |   1104 |   1785 |   3 | 1122.3 |
       Ossuary |    364 |    364 |      0 |      0 |    241 |   1 |  364.0 |
               +--------+--------+--------+--------+--------+-----+--------+

Top non-repeatable levels by time:
  Lair:1: 1800 daAuts
     D:5: 1656 daAuts
  Lair:2: 1298 daAuts
     D:7: 1288 daAuts
     D:4: 1038 daAuts
     D:1: 997 daAuts
     D:6: 994 daAuts
     D:8: 845 daAuts
     D:3: 791 daAuts
 Ossuary: 364 daAuts
     D:2: 302 daAuts
  Lair:3: 268 daAuts
